 Dungeon Crawl Stone Soup version 0.19.4 (webtiles) character file.

58 Mefis the Magician (level 3, -1/19 HPs)
             Began as a Deep Elf Wizard on Feb 3, 2017.
             Slain by a jackal (2 damage)
             ... on level 2 of the Dungeon.
             The game lasted 00:03:16 (1973 turns).

Mefis the Magician (Deep Elf Wizard)                Turns: 1973, Time: 00:03:17

Health: -1/19      AC:  2    Str:  4    XL:     3   Next: 75%
Magic:  0/11       EV: 13    Int: 23    God:
Gold:   87         SH:  0    Dex: 13    Spells: 5 memorised, 2 levels left

rFire  . . .     SeeInvis .     a - +0 trident
rCold  . . .     Gourm    .     l - +0 robe
rNeg   . . .     Faith    .     (no shield)
rPois  .         Spirit   .     m - +0 hat
rElec  .         Reflect  .     (no cloak)
rCorr  .         Harm     .     (no gloves)
MR     .....                    (no boots)
Stlth  ++........               (no amulet)
                                (no ring)
                                (no ring)

@: very slightly contaminated, repel missiles
A: no striking features
a: no special abilities


You were on level 2 of the Dungeon.
You were not hungry.

You visited 1 branch of the dungeon, and saw 2 of its levels.

You collected 87 gold pieces.

Inventory:

Hand Weapons
 a - a +0 trident (weapon)
 b - a +0 hunting sling
 q - a +0 short sword
Missiles
 h - 30 sling bullets
Armour
 l - a +0 robe (worn)
 m - a +0 hat (worn)
Scrolls
 g - 5 scrolls of identify {unknown}
 j - a scroll of blinking {unknown}
 k - a scroll of fog {unknown}
 n - a scroll of remove curse {unknown}
 r - 2 scrolls of random uselessness {unknown}
Potions
 e - a potion of resistance {unknown}
 f - 2 potions of haste {unknown}
 i - a potion of curing {unknown}
 o - a potion of lignification {unknown}
Books
 c - a book of Minor Magic

   Spells                             Type                      Level
   a - Magic Dart                     Conjuration                  1
   b - Blink                          Translocation                2
   c - Call Imp                       Summoning                    2
   d - Repel Missiles                 Charms/Air                   2
   e - Slow                           Hexes                        2
   f - Conjure Flame                  Conjuration/Fire             3
   g - Mephitic Cloud                 Conjuration/Poison/Air       3
Comestibles
 d - a bread ration
 p - 2 slices of pizza


   Skills:
 + Level 3.0 Dodging
 + Level 2.8 Stealth
 * Level 5.2 Spellcasting
 + Level 2.0 Conjurations
 - Level 1.1 Summonings
 - Level 1.1 Translocations
 + Level 1.0 Air Magic
 + Level 0.2 Poison Magic


You had 2 spell levels left.
You knew the following spells:

 Your Spells              Type           Power        Failure   Level  Hunger
a - Magic Dart            Conj           ###.         4%          1    None
b - Call Imp              Summ           ##......     12%         2    None
c - Blink                 Tloc           N/A          12%         2    None
d - Repel Missiles        Chrm/Air       #.....       14%         2    None
e - Mephitic Cloud        Conj/Pois/Air  ##......     21%         3    ##.....


Dungeon Overview and Level Annotations

Branches:
Dungeon (2/15)

Altars:


Message History

The jackal bites you.
* * * LOW HITPOINT WARNING * * *
The jackal closely misses you.
You are too injured to fight recklessly!
You closely miss the jackal.
The jackal is moderately wounded.
The jackal closely misses you.
The jackal bites you but does no damage.
You closely miss the jackal.
The jackal is moderately wounded.
The jackal bites you.
* * * LOW HITPOINT WARNING * * *
Casting: Magic Dart
Confirm with . or Enter, or press ? or * to list all spells.
You miscast Call Imp.
A fistful of eyes flickers past your view.
The jackal completely misses you. The jackal bites you.
* * * LOW HITPOINT WARNING * * *
The jackal bites you.
You die...

.................
####.........#####
...........†......
#.####......######### #.#
###).#.# #...# #.# #..#.#
#†#.....# #.# #..#.#
#.#h...... #.#
#..#.#####h#.......
#.######..#.....@.#h.....)
#.#.......#########..h....
#........## ......>
###.#<#### ..$..$. ###.#.#
....#.# #####.# ##....#
##.####


You could see a jackal.

Vanquished Creatures
  An adder (D:2)
  2 worms
  A dart slug (D:2)
  A leopard gecko (D:1)
  6 bats
  2 giant cockroaches (D:1)
  8 hobgoblins
  3 jackals (D:2)
  7 kobolds
  2 frilled lizards (D:2)
  2 goblins (D:1)
  2 rats (D:1)
37 creatures vanquished.

Vanquished Creatures (collateral kills)
  A worm (D:2)
1 creature vanquished.

Grand Total: 38 creatures vanquished

Notes
Turn   | Place    | Note
-------+----------+-------------------------------------------
     0 | D:1      | Mefis the Deep Elf Wizard began the quest for the Orb.
     0 | D:1      | Reached XP level 1. HP: 10/10 MP: 7/7
   419 | D:1      | Reached XP level 2. HP: 15/15 MP: 3/9
   423 | D:1      | Learned a level 2 spell: Call Imp
   426 | D:1      | Learned a level 2 spell: Blink
   429 | D:1      | Learned a level 2 spell: Repel Missiles
  1222 | D:2      | Reached skill level 5 in Spellcasting
  1222 | D:2      | Reached XP level 3. HP: 19/19 MP: 8/11
  1227 | D:2      | Learned a level 3 spell: Mephitic Cloud
  1815 | D:2      | Reached skill level 1 in Air Magic
  1973 | D:2      | Slain by a jackal

Skill      XL: |  1  2  3 |
---------------+----------+-----
Spellcasting   | 5 |  5.2
Conjurations   | 2 |  2.0
Dodging        | 3 |  3.0
Air Magic      | 1 |  1.0
Stealth        | |  2.8
Summonings     | |  1.1
Translocations | |  1.1
Poison Magic   | |  0.2

Action                   || total
-------------------------++-------
Melee: Short sword       ||     1
       Trident           ||    10
 Cast: Magic Dart        ||   105
       Call Imp          ||     6
       Repel Missiles    ||     2
 Stab: Sleeping          ||     1
  Eat: Chunk             ||     3
Armor: Robe              ||     5
Dodge: Dodged            ||    21
       Deflected         ||     1
